 Dungeon Sprint DCSS version 0.27-a0-1579-g97d2440184 (webtiles) character file.

Game seed: 9542590226859989163

7060 mhtbhm the Severer (level 10, 0/101 HPs)
             Began as a Minotaur Fighter on July 17, 2021.
             Was the Champion of Qazlal.
             Slain by a purple draconian (13 damage)
             ... in the Dungeon (Sprint V: "Ziggurat Sprint").
             The game lasted 00:03:05 (351 turns).

mhtbhm the Severer (Minotaur Fighter)                Turns: 351, Time: 00:03:05

Health: 0/101      AC: 32    Str: 37    XL:     10   Next: 83%
Magic:  10/17      EV:  4    Int: 10    God:    Qazlal [******]
Gold:   0          SH: 41    Dex: 10    Spells: 9/9 levels left

rFire    . . .     SeeInvis +   a - +14 obsidian axe {vorpal, Drain Fly SInv}
rCold    . . .     Faith    .   c - +18 shield of the Gong {rElec rN+ Will+ EV-5}
rNeg     + . .     Spirit   .   b - +15 Maxwell's patent armour {-Cast -Tele rElec Will+ rCorr}
rPois    +         Reflect  .   B - +0 mask of the Dragon {Will+ Slay+3 SInv}
rElec    +         Harm     .   (no cloak)
rCorr    +         Rampage  .   (no gloves)
Will     +++..     NoTele   +   (no boots) Stlth ..........NoCast +
                                (no amulet)
HPRegen  0.26/turn              E - ring "Hit Nie" {rPois Str+7 Int+5 Stlth+}
MPRegen  0.15/turn              C - ring of Ludomom {rElec Str+6}

@: protected from physical damage, flying, mesmerised, studying Staves, repel
missiles
A: horns 2, retaliatory headbutt
a: Renounce Religion, Upheaval, Elemental Force, Disaster Area


You were in the Dungeon.
You worshipped Qazlal.
Qazlal was exalted by your worship.
You visited 1 branch

Inventory:

Hand Weapons
 a - the +14 obsidian axe (weapon) {vorpal, Drain Fly SInv}
   (You found it in the Dungeon)

   It inflicts extra damage upon your enemies.
   It occasionally summons demons to assist the wielder when it strikes in
   combat.
   Its wielder is mesmerised by any visible foes.
   It cannot be unequipped while any foes are visible.
   SInv:      It lets you see invisible.
   Fly:       It grants you flight.
   Drain:     It drains your maximum health when unequipped.
Armour
 b - the +15 Maxwell's patent armour (worn) {-Cast -Tele rElec Will+ rCorr}
   (You found it in the Dungeon)

   rElec:     It insulates you from electricity.
   -Cast:     It prevents spellcasting.
   -Tele:     It prevents most forms of teleportation.
   rCorr:     It protects you from acid and corrosion.
   Will:      It increases your willpower.
 c - the +18 shield of the Gong (worn) {rElec rN+ Will+ EV-5}
   (You found it in the Dungeon)

   It is deafeningly noisy when blocking attacks.
   EV:        It affects your evasion (-5).
   rElec:     It insulates you from electricity.
   rN:        It protects you from negative energy.
   Will:      It increases your willpower.
 B - the +0 mask of the Dragon (worn) {Will+ Slay+3 SInv}
   (You found it in the Dungeon)

   Slay:      It affects your accuracy & damage with ranged weapons and melee
   (+3).
   SInv:      It lets you see invisible.
   Will:      It increases your willpower.
Jewellery
 C - the ring of Ludomom (right hand) {rElec Str+6}
   (You found it in the Dungeon)

   [ring of strength]

   Str:       It affects your strength (+6).
   rElec:     It insulates you from electricity.
 E - the ring "Hit Nie" (left hand) {rPois Str+7 Int+5 Stlth+}
   (You found it in the Dungeon)

   [ring of poison resistance]

   Str:       It affects your strength (+7).
   Int:       It affects your intelligence (+5).
   rPois:     It protects you from poison.
   Stlth:     It makes you more stealthy.
Wands
 t - a wand of mindburst (7)
 u - a wand of iceblast (7)
 v - a wand of acid (7)
Scrolls
 j - 4 scrolls of blinking
 o - 4 scrolls of amnesia
 p - 7 scrolls of fog
 q - a scroll of holy word
 r - 5 scrolls of identify
 s - 2 scrolls of fear
 z - a scroll of brand weapon
Potions
 d - 6 potions of might
 e - 9 potions of curing
 f - 8 potions of heal wounds
 g - 6 potions of haste
 h - 7 potions of magic
 i - 3 potions of berserk rage
 k - 2 potions of brilliance
 l - 2 potions of invisibility
 m - 4 potions of resistance
 n - a potion of experience
Miscellaneous
 w - a piece from Xom's chessboard (15/15)
 y - a tin of tremorstones (2/2)
 A - a phantom mirror
 D - a lightning rod (4/4)
 F - a box of beasts


   Skills:
 + Level 13.3 Fighting
 + Level 17.4 Axes
 + Level 10.3 Armour
 + Level 2.2 Dodging
 + Level 13.7 Shields
 * Level 11.7 Invocations


You had 9 spell levels left.
You didn't know any spells.
Your spell library contained the following spells:

 Spells                   Type           Power      Damage    Failure   Level
 Corona                   Hex            0%         N/A       92%         1
 Shock                    Conj/Air       0%         1d3       92%         1
 Sting                    Tmut/Pois      0%         1d3       92%         1
 Ensorcelled Hibernation  Hex/Ice        0%         N/A       98%         2
 Poisonous Vapours        Pois/Air       0%         N/A       98%         2
 Searing Ray              Conj           0%         3d3       98%         2
 Static Discharge         Conj/Air       0%         N/A       98%         2
 Call Canine Familiar     Summ           0%         N/A       100%        3
 Dazzling Flash           Conj/Hex       0%         N/A       100%        3
 Lesser Beckoning         Tloc           0%         N/A       100%        3
 Portal Projectile        Hex/Tloc       0%         N/A       100%        3
 Spider Form              Tmut/Pois      0%         N/A       100%        3
 Tukima's Dance           Hex            0%         N/A       100%        3
 Cause Fear               Hex            0%         N/A       100%        4
 Dispel Undead            Necr           0%         3d6       100%        4
 Leda's Liquefaction      Hex/Erth       0%         N/A       100%        4
 Olgreb's Toxic Radiance  Pois           0%         N/A       100%        4
 Petrify                  Tmut/Erth      0%         N/A       100%        4
 Sticky Flame             Conj/Fire      0%         2d3       100%        4
 Alistair's Intoxication  Tmut/Pois      0%         N/A       100%        5
 Bolt of Magma            Conj/Fire/Erth 0%         4d4       100%        5
 Borgnjor's Vile Clutch   Necr/Erth      0%         N/A       100%        5
 Irradiate                Conj/Tmut      0%         3d13      100%        5
 Metabolic Englaciation   Hex/Ice        0%         N/A       100%        5
 Eringya's Noxious Bog    Tmut/Pois      0%         N/A       100%        6
 Statue Form              Tmut/Erth      0%         N/A       100%        6
 Dragon Form              Tmut           0%         N/A       100%        7
 Lehudib's Crystal Spear  Conj/Erth      0%         10d2      100%        8
 Dragon's Call            Summ           0%         N/A       100%        9


Dungeon Overview and Level Annotations

Branches:
Dungeon (1/1)

Altars:
Ashenzari
Cheibriados
Dithmenos
Elyvilon
Fedhas
Gozag
Hepliaklqana
Kikubaaqudgha
Makhleb
Nemelex Xobeh
Okawaru
Qazlal
Ru
Sif Muna
Trog
Uskayaw
Vehumet
Wu Jian
Xom
Yredelemnul
Zin
The Shining One
Beogh
Jiyva
Lugonu

Annotations:
D 1 transporter


Innate Abilities, Weirdness & Mutations

You have a pair of horns on your head.
You reflexively headbutt those who attack you in melee.


Message History

The green draconian is heavily wounded.
The blast of rubble hits the white draconian!!!
The white draconian is moderately wounded.
The blast of rubble hits the moth of wrath!!
The moth of wrath is almost dead.
The blast of rubble hits the purple draconian!
The purple draconian is lightly wounded.
The blast of rubble hits the green draconian!
The green draconian is lightly wounded.
The blast of rubble hits the white draconian!
The white draconian is moderately wounded.
The blast of magma engulfs the white draconian!
The white draconian is moderately wounded.
The blast of magma engulfs the green draconian!
The green draconian is burned terribly!
The green draconian is heavily wounded.
The blast of magma engulfs the red draconian!
The red draconian partially resists.
The red draconian is lightly wounded.
The blast of magma engulfs the white draconian!!
The white draconian is moderately wounded.
The blast of ice hits the red draconian!!
The red draconian is moderately wounded.
The red draconian is flash-frozen.
You block the Orb Guardian's attack.
BOUMMMMG!
You block the green draconian's attack.
GONNNNG!
You block the green draconian's attack.
GONNNNG!
You block the Orb Guardian's attack.
GONNNNG!
The white draconian hits you with a +0 vampiric scimitar!
* * * LOW HITPOINT WARNING * * *
The white draconian draws strength from your wounds!
The moth of wrath goads the green draconian on!
The green draconian goes berserk!
You block the Orb Guardian's attack.
SHROANNG!
The purple draconian is engulfed in blazing flames.
The purple draconian hits you with the +3 glaive of Tortfeasance {protect, Fragile rElec rF+ rC+}!
You die...

▓....©....▓...©...▓
▓▓▓▓▓▓▓▓▓▓▓▓▓▓▓▓▓▓▓▓▓
▓...8©8...▓...8©8...▓
▓..≈:[.:..▓...}=.)..▓
▓≈)≈:[)[..▓...[[....▓
▓..≈......▓.........▓
▓..§ydd○..▓.........▓
▓...ddd.≈.▓...)))...▓
▓..°X@dd..▓...).)...▓
▓...○°X≈..▓.▓...).▓.▓
▓.▓.....▓.▓....©....▓
▓....©....▓▓▓▓▓▓▓▓▓▓▓
▓▓▓▓▓▓▓▓▓▓▓


You could see 2 draconians, a purple draconian (berserk), a red draconian
(frozen), 3 draconians, 2 Orb Guardians and a moth of wrath (frozen).

Vanquished Creatures
  2 purple draconians (D)
  7 draconians (D)
  An eye of devastation (D)
  A jumping spider (D)
  A slime creature (D)
  3 tarantellas (D)
  A yak (D)
  A golden eye (D)
  A water moccasin (D)
  A floating eye (D)
  2 hell hounds (D)
  A bullfrog (D)
  8 scorpions (D)
  A crimson imp (D)
  4 jellies (D)
  An orc priest (D)
  An iguana (D)
  An orc wizard (D)
  2 adders (D)
  2 river rats (D)
  A shadow imp (D)
  An adder zombie (D)
  An orc (D)
  2 ball pythons (D)
  3 endoplasms (D)
  A jackal skeleton (D)
  A quokka zombie (D)
52 creatures vanquished.

Vanquished Creatures (collateral kills)
  A scorpion (D)
  A quasit (D)
2 creatures vanquished.

Grand Total: 54 creatures vanquished

Notes
Turn   | Place    | Note
-------+----------+-------------------------------------------
     0 | D        | mhtbhm the Minotaur Fighter began the quest for the Orb.
     0 | D        | Reached XP level 1. HP: 19/19 MP: 0/0
     0 | D        | Found a shimmering blue altar of Sif Muna.
     0 | D        | Found a bloodstained altar of Trog.
     0 | D        | Found a sacrificial altar of Ru.
     0 | D        | Found a stormy altar of Qazlal.
     0 | D        | Found an iron altar of Okawaru.
     1 | D        | Found a sparkling altar of Nemelex Xobeh.
     1 | D        | Found a blossoming altar of Fedhas.
     2 | D        | Found the +6 Majin-Bo {vamp, MP+6 Int+6}
     2 | D        | Found the +9 heavy crossbow "Sniper" {vorpal, Acc+∞ SInv}
     2 | D        | Found the +10 dark maul {vorpal}
     2 | D        | Found the +15 Maxwell's patent armour {-Cast -Tele rElec
                  | Will+ rCorr}
     2 | D        | Found the +18 shield of the Gong {rElec rN+ Will+ EV-5}
     2 | D        | Found the +14 obsidian axe {vorpal, Drain Fly SInv}
     2 | D        | Found the +7 great mace "Firestarter" {inner flame, rF++}
     2 | D        | Found the +6 shillelagh "Devastator" {shatter}
     2 | D        | Found the +11 plutonium sword {Contam Stlth-}
     2 | D        | Found the +8 lance "Wyrmbane" {slay drac, rPois rF+ rC+
                  | AC+3}
     2 | D        | Found the +9 sword of Zonguldrok {reap}
     2 | D        | Found the +13 scythe of Curses {drain, Drain}
     2 | D        | Found the +5 sword of Power {vorpal}
     2 | D        | Found the +7 mace of Variability {chain chaos}
     2 | D        | Found the +7 Singing Sword {vorpal, sonic wave}
     2 | D        | Found the +8 storm bow {elec, penet}
     4 | D        | Found an ancient bone altar of Kikubaaqudgha.
     4 | D        | Found a transporter.
     4 | D        | Found a corrupted altar of Lugonu.
     4 | D        | Found a viscous altar of Jiyva.
     4 | D        | Found a burning altar of Makhleb.
     4 | D        | Found a hazy altar of Hepliaklqana.
     4 | D        | Found an opulent altar of Gozag.
     5 | D        | Banished a spatial maelstrom
     8 | D        | Banished a spatial maelstrom
    79 | D        | Became a worshipper of Qazlal Stormbringer
    94 | D        | Entered arena 2.
    94 | D        | Found a transporter.
   102 | D        | Entered arena 3.
   102 | D        | Noticed an orc priest
   102 | D        | Noticed an orc wizard
   102 | D        | Found a transporter.
   105 | D        | Reached * piety under Qazlal
   107 | D        | Killed an orc wizard
   108 | D        | Reached skill level 5 in Fighting
   108 | D        | Reached skill level 3 in Axes
   108 | D        | Reached skill level 5 in Armour
   108 | D        | Reached skill level 5 in Shields
   108 | D        | Reached skill level 1 in Invocations
   108 | D        | Reached XP level 2. HP: 29/29 MP: 0/2
   108 | D        | Reached XP level 3. HP: 36/36 MP: 0/3
   145 | D        | Entered arena 4.
   145 | D        | Noticed a golden eye
   145 | D        | Noticed a slime creature
   145 | D        | Found a transporter.
   150 | D        | Killed a slime creature
   150 | D        | Reached ** piety under Qazlal
   150 | D        | Killed a golden eye
   151 | D        | Reached skill level 7 in Axes
   151 | D        | Reached skill level 5 in Invocations
   151 | D        | Reached XP level 4. HP: 44/49 MP: 3/7
   151 | D        | Reached XP level 5. HP: 51/56 MP: 3/8
   151 | D        | Reached XP level 6. HP: 56/62 MP: 3/9
   158 | D        | Got the ring "Sireon" {rElec Int+5 Dex-2 Slay+4}
   164 | D        | Entered arena 5.
   164 | D        | Found a transporter.
   166 | D        | Reached *** piety under Qazlal
   168 | D        | Reached skill level 8 in Axes
   178 | D        | Entered arena 6.
   178 | D        | Found a transporter.
   180 | D        | Reached **** piety under Qazlal
   182 | D        | Reached skill level 9 in Axes
   182 | D        | Reached XP level 7. HP: 70/70 MP: 6/11
   198 | D        | Entered arena 7.
   198 | D        | Noticed a yak
   199 | D        | Found a transporter.
   201 | D        | Reached ***** piety under Qazlal
   203 | D        | Reached skill level 10 in Fighting
   203 | D        | Reached skill level 10 in Axes
   203 | D        | Killed a yak
   204 | D        | Reached skill level 10 in Shields
   204 | D        | Reached XP level 8. HP: 77/79 MP: 9/12
   212 | D        | Got the Papyrus of Dislocated Confrontation
   219 | D        | Entered arena 8.
   220 | D        | Found a transporter.
   224 | D        | Reached skill level 11 in Axes
   225 | D        | Reached ****** piety under Qazlal
   230 | D        | Got Sif Muna's Compendium of the Destructive Frostbite
   240 | D        | Entered arena 9.
   240 | D        | Noticed an eye of devastation
   241 | D        | Found a transporter.
   243 | D        | Paralysed by a floating eye for 2 turns
   246 | D        | Reached skill level 12 in Axes
   248 | D        | Killed an eye of devastation
   257 | D        | Got the ring of Ludomom {rElec Str+6}
   267 | D        | Entered arena 10.
   267 | D        | Noticed a jumping spider
   268 | D        | Found the +0 mask of the Dragon {Will+ Slay+3 SInv}
   268 | D        | Found a transporter.
   273 | D        | Reached skill level 13 in Axes
   273 | D        | Reached XP level 9. HP: 83/89 MP: 14/14
   275 | D        | Killed a jumping spider
   277 | D        | Reached skill level 14 in Axes
   302 | D        | Entered arena 11.
   302 | D        | Noticed a draconian
   302 | D        | Noticed a draconian
   302 | D        | Noticed a purple draconian
   302 | D        | Noticed a purple draconian
   302 | D        | Noticed a draconian
   302 | D        | Noticed a draconian
   302 | D        | Noticed a draconian
   302 | D        | Noticed a draconian
   302 | D        | Noticed a draconian
   303 | D        | Found a transporter.
   310 | D        | Killed a draconian
   311 | D        | Killed a purple draconian
   312 | D        | Reached skill level 15 in Axes
   312 | D        | Reached skill level 1 in Dodging
   312 | D        | Reached skill level 10 in Invocations
   312 | D        | Reached XP level 10. HP: 95/97 MP: 16/16
   312 | D        | Killed a draconian
   312 | D        | Killed a draconian
   313 | D        | Reached skill level 10 in Armour
   313 | D        | Killed a draconian
   314 | D        | Reached skill level 16 in Axes
   315 | D        | Killed a draconian
   316 | D        | Killed a purple draconian
   316 | D        | Killed a draconian
   317 | D        | Reached skill level 17 in Axes
   319 | D        | Killed a draconian
   324 | D        | Got the ring "Hit Nie" {rPois Str+7 Int+5 Stlth+}
   326 | D        | Got Teifapn's Incunabulum of Excruciating Transmigration
   345 | D        | Entered arena 12.
   345 | D        | Noticed an Orb Guardian
   345 | D        | Noticed an Orb Guardian
   345 | D        | Noticed a white draconian
   345 | D        | Noticed a purple draconian
   345 | D        | Noticed a green draconian
   345 | D        | Noticed a red draconian
   345 | D        | Noticed a white draconian
   345 | D        | Noticed a white draconian
   346 | D        | Found the +4 robe of Folly {Brilliance Will-∞ Int+8}
   346 | D        | Identified the +3 glaive of Tortfeasance {protect, Fragile
                  | rElec rF+ rC+}
   346 | D        | Noticed a moth of wrath
   346 | D        | Noticed a green draconian
   347 | D        | Found a transporter.
   351 | D        | Slain by a purple draconian

Illustrated notes

Levels and vault maps discovered:
D:        sprint_v [room_start, room_1, room_2, room_3, room_4, room_5, room_6,
          room_7, room_8, room_9, room_10, room_11, room_12, room_13, room_14,
          room_15, room_16, room_17, room_18, room_19, room_20, room_21,
          room_22, room_23, room_24, room_25, room_26, room_27]

Skill      XL: |  1  2  3  4  5  6  7  8  9 10 |
---------------+-------------------------------+-----
Fighting       | 5 8 9 10 11 12 13 | 13.3
Armour         | 5 8 9 10 | 10.3
Shields        | 5 8 9 10 11 12 13 | 13.7
Axes           | 3 7 9 10 13 15 17 | 17.4
Invocations    | 1 5 6 7 9 10 11 | 11.7
Dodging        | 1 2 |  2.2

Action                   |  1- 3 |  4- 6 |  7- 9 | 10-12 || total
-------------------------+-------+-------+-------+-------++-------
Melee: Broad axe         |    11 |     5 |    27 |     8 ||    51
       Headbutt          |     2 |       |     5 |     2 ||     9
Invok: Disaster Area     |       |       |       |     1 ||     1
  Use: Potion            |     1 |       |     1 |     1 ||     3
Armor: Plate armour      |     5 |     3 |    16 |     8 ||    32
Dodge: Dodged            |       |       |     1 |     2 ||     3
Block: Kite shield       |    16 |    10 |    50 |    27 ||   103

Table legend: (Time is in decaauts)
 A = Elapsed time spent in this place.
 B = Non-inter-level travel time spent in this place.
 C = Inter-level travel time spent in this place.
 D = Time resting spent in this place.
 E = Time spent auto-exploring this place.
 F = Levels seen in this place.
 G = Mean time per level.
                   A        B        C        D        E       F      G
               +--------+--------+--------+--------+--------+-----+--------+
         Total |    354 |    354 |      0 |     23 |      0 |   1 |  354.0 |
       Dungeon |    354 |    354 |      0 |     23 |      0 |   1 |  354.0 |
               +--------+--------+--------+--------+--------+-----+--------+

Top non-repeatable levels by time:
       D: 354 daAuts
